Cogmind - Beta 16 @@@ ROGUE MODE // 2025.11.26 @ 16:24:02 Player: AngelSpirit Result: Destroyed by G-47 Trooper with Particle Gun Performance ------------- Evolutions (2) 1000 Regions Visited (4) 800 Robots Destroyed (67) 335 Value Destroyed (2489) 2489 Prototype IDs (19) 380 Alien Tech Used (0) 0 Bonus (241) 241 TOTAL SCORE: 5245 Bonus ------- High Alert Combat Kills 41 Entered Garrisons 200 Cogmind --------- Core Integrity 0/550 Matter 269/300 Energy 0/100 System Corruption 0% Temperature Cool (12) Movement Flying (40) Location -8/Garrison Parts ------- > --- POWER (1) -------- (None) > --- PROPULSION (4) --- Flightbrick > --- UTILITY (4+3) ---- Cryofiber Web System Shield > --- WEAPON (2) ------- (None) > --- INVENTORY (5) ---- Compact Matter Pod (150) Peak State ------------ > --- POWER ------------ (None) > --- PROPULSION ------- Flightbrick > --- UTILITY ---------- Cryofiber Web System Shield > --- WEAPON ----------- (None) > --- INVENTORY -------- Compact Matter Pod [Rating: 42] Favorites ----------- Power Light Nuclear Core Engine Light Ion Engine Power Core Light Nuclear Core Propulsion Compact Wheel Leg Improved Aluminum Leg Wheel Compact Wheel Hover Unit Aerolev Unit Flight Unit Flightbrick Utility Medium Storage Unit Device Sensor Array Storage Medium Storage Unit Hackware System Shield Protection Makeshift Light Armor Plating Weapon Light Cannon Energy Gun Heavy EM Pulse Gun Ballistic Gun Gauss Rifle Ballistic Cannon Light Cannon Launcher Grenade Launcher Impact Weapon Great Maul Build | -11 -10 -10 -8 -8 ------- Run | Yrd Mat Sub Mat Gar Slots Evolved 4 | . . . 4 . Power . | . . . . . Propulsion 2 | . . . 2 . Utility 2 | . . . 2 . Weapon . | . . . . . Parts Attached 49 | 6 7 6 19 11 Power 5 | 1 1 1 2 . Engine 4 | 1 . 1 2 . Core 1 | . 1 . . . Reactor . | . . . . . Propulsion 17 | 2 3 . 8 4 Treads . | . . . . . Leg 3 | . . . 1 2 Wheel 12 | 2 3 . 6 1 Hover 1 | . . . 1 . Flight 1 | . . . . 1 Utility 12 | 1 1 2 4 4 Device 4 | . . 2 . 2 Storage 4 | 1 1 . 1 1 Processor . | . . . . . Hackware 2 | . . . 2 . Protection 2 | . . . 1 1 Artifact . | . . . . . Weapon 15 | 2 2 3 5 3 Energy Gun 2 | 1 . . 1 . Energy Cannon . | . . . . . Ballistic Gun 5 | 1 . . 3 1 Ballistic Cannon 4 | . 2 2 . . Launcher 2 | . . 1 1 . Special Weapon . | . . . . . Impact Weapon 2 | . . . . 2 Slashing Weapon . | . . . . . Piercing Weapon . | . . . . . Special Melee Weapon . | . . . . . Unidentified Prototypes 3 | . . . 3 . Parts Lost 15 | . 1 . 4 10 Power 2 | . . . 1 1 Propulsion 7 | . 1 . 1 5 Utility 2 | . . . 1 1 Weapon 4 | . . . 1 3 Highest Loss Streak 4 | . 1 . 2 4 To Critical Strikes . | . . . . . Average Backups 7 | . 4 8 5 9 Power . | . . . . . Propulsion 1 | . . 1 1 1 Utility 4 | . 2 5 2 5 Weapon . | . . 1 . 1 Tool/Special . | . . . . . Unused Backups 11 | . 1 3 1 6 Power . | . . . . . Propulsion . | . . . . . Utility 9 | . 1 2 1 5 Weapon 1 | . . . . 1 Tool/Special 1 | . . 1 . . Average Slot Usage (%) 95 | . 88 100 95 83 Engine 6 | . 2 6 8 7 Core 6 | . 11 7 . . Wheel 27 | . 27 28 28 21 Hover 1 | . . . 2 7 Device 10 | . . 13 7 10 Storage 12 | . 14 14 9 8 Hackware 2 | . . . 8 9 Protection 2 | . 3 . 8 2 Energy Gun 1 | . 5 . . 5 Ballistic Gun 3 | . 5 . 7 9 Ballistic Cannon 15 | . 17 18 8 . Launcher 5 | . . 9 . . Peak Build Rating 42 | 6 10 12 32 42 Average Rating 14 | 4 8 11 25 27 On Entrance 11 | . 6 10 12 30 Avg Prop Armor Cover (%) 4 | . . . 4 4 Naked Turns . | . . . . . Heaviest Build 41 | 13 22 22 41 41 Greatest Support 52 | 26 32 32 52 42 Greatest Overweight (x) 3 | . 2 . . 3 Average Overweight (x) . | . . . . . Largest Inventory Capacity 15 | 8 10 10 15 15 Average Capacity 10 | 7 9 10 13 13 Most Carried 15 | . 10 10 11 15 Average Carried 9 | . 4 9 8 12 Final Capacity 15 | 8 10 10 15 5 Final Carried 11 | . 10 10 11 1 Class Distribution -------------------- 82% | Mutant 14% | Scavenger-Mutant 3% | Hacker-Mutant Dominant Class ---------------- Mutant | -10/Materials Mutant | -10/Subcaves Scavenger-Mutant | -8/Materials Scavenger-Mutant | -8/Garrison Resources | -11 -10 -10 -8 -8 ----------- Run | Yrd Mat Sub Mat Gar Matter Collected 2916 | 184 507 972 971 282 Remotely . | . . . . . Salvage Created 2402 | . 391 379 983 649 Parts 112 | . 26 22 40 24 Haulers Intercepted 4 | . . . 4 . Recyclers Shooed 3 | . 2 . 1 . Parts Field Recycled . | . . . . . Retrieved Matter . | . . . . . Parts Self-Destructed 12 | . . 12 . . Prevented . | . . . . . Parts Restored . | . . . . . Kills | -11 -10 -10 -8 -8 ------- Run | Yrd Mat Sub Mat Gar Combat Hostiles Destroyed 49 | . 9 9 16 15 Melee 2 | . . . . 2 Guns 22 | . 3 . 9 10 Cannons 17 | . 6 6 5 . AOE 5 | . . 3 2 . Classes Destroyed 12 | . 5 1 5 1 Worker 2 | . . . 2 . Builder 1 | . . . 1 . Hauler 4 | . . . 4 . Recycler 3 | . 1 . 2 . Operator 2 | . 2 . . . Watcher 6 | . 2 . 4 . Swarmer 8 | . 3 1 4 . Cutter 2 | . . . . 2 Grunt 20 | . 6 1 6 7 Sentry 11 | . . . 5 6 Hunter 1 | . . . 1 . Subdweller 7 | . . 7 . . Best Kill Streak 7 | . 4 2 7 3 Combat Bots Only 4 | . 4 2 4 3 Max Kills in Single Turn 3 | . 2 2 3 1 Gunslinging . | . . . . . Exploded 2 | . . 1 2 . Melee 1 | . . . . 1 Uniques/NPCs Destroyed . | . . . . . Combat | -11 -10 -10 -8 -8 -------- Run | Yrd Mat Sub Mat Gar Hostile Shots Fired 241 | . 48 25 81 87 Missed 69 | . 18 11 16 24 Hits 172 | . 30 14 65 63 Melee 10 | . . . . 10 Projectile 162 | . 30 14 65 53 AOE 1 | . . . . 1 Critical Strikes 16 | . . . 4 12 Damage Taken 2610 | . 303 254 1034 1019 Core 726 | . 98 66 160 402 Absorbed by Shields . | . . . . . Regen/Repaired (Parts) 48 | . 48 . . . Core Remaining (%) 67 | 100 . 34 . . Volleys Fired 239 | . 45 69 80 45 Largest 2 | . 2 2 2 2 Hottest 73 | . 70 63 73 73 Shots Fired 395 | . 90 93 147 65 Gun 203 | . 40 . 98 65 Cannon 163 | . 50 64 49 . Launcher 29 | . . 29 . . Special . | . . . . . Kinetic 326 | . 70 64 142 50 Thermal 20 | . 20 . . . Explosive 29 | . . 29 . . Electromagnetic 20 | . . . 5 15 Robot Hit Streak 15 | . 7 7 12 15 Robot Miss Streak 6 | . 3 5 6 1 Penetration Max 1 | . . . 1 1 Secondary Targets 1 | . . . 1 . Max Gunslinging Chain 1 | . . . 1 . Shots Hit Robots 236 | . 52 36 91 57 Core Hits 104 | . 24 19 41 20 Critical Kills 3 | . 1 . 1 1 Critical Parts Destroyed 7 | . . . 1 6 Critical Strikes 19 | . 3 3 5 8 Burn 1 | . 1 . . . Destroy 4 | . 1 . 2 1 Blast 7 | . 1 3 3 . Corrupt 1 | . . . . 1 Smash 6 | . . . . 6 Melee Attacks 28 | . . . . 28 Impact 28 | . . . . 28 Slashing . | . . . . . Piercing . | . . . . . Sneak Attacks . | . . . . . Combat Hostiles . | . . . . . Follow-up Attacks . | . . . . . Damage Inflicted 5341 | . 752 878 2411 1300 Guns 2075 | . 240 . 1265 570 Cannons 1430 | . 512 467 451 . Explosions 1169 | . . 411 695 63 Melee 667 | . . . . 667 Ramming . | . . . . . Kinetic 3100 | . 586 467 1654 393 Thermal 616 | . 166 . 387 63 Explosive 719 | . . 411 308 . Electromagnetic 239 | . . . 62 177 Impact 667 | . . . . 667 Slashing . | . . . . . Piercing . | . . . . . Highest Corruption 2 | . 2 2 . . Average Corruption 2 | . 2 2 . . Corruption Purged . | . . . . . Corruption Blocked . | . . . . . Effects 45 | . . 45 . . Message Errors 15 | . . 15 . . Matter Fused 9 | . . 9 . . Heat Flow Errors 5 | . . 5 . . Energy Discharges 2 | . . 2 . . Parts Fused 1 | . . 1 . . Data Loss (minor) 8 | . . 8 . . Data Loss (major) 3 | . . 3 . . Misfires 1 | . . 1 . . Alerts 1 | . . 1 . . Overload Shots . | . . . . . Overflow Damage 469 | . 12 . 204 253 Projectiles 12 | . 12 . . . Explosions 204 | . . . 204 . Melee 253 | . . . . 253 Knockbacks 20 | . 12 4 4 . Impact . | . . . . . Kinetic 18 | . 10 4 4 . Secondary 2 | . 2 . . . Self-Inflicted Damage 159 | . . 67 92 . Shots 7 | . . 5 2 . Rammed . | . . . . . Targets Rammed . | . . . . . Kicked . | . . . . . Crushed . | . . . . . Highest Temperature 188 | . 138 188 114 . Average Temperature 37 | . 33 83 35 . Received Heat Transfer 951 | . 96 36 396 423 Siege Activations . | . . . . . Martial Activations . | . . . . . Shielding Activations . | . . . . . Robots Disrupted . | . . . . . Combat Hostiles . | . . . . . Robots Corrupted 3 | . . . . 3 Combat Hostiles 3 | . . . . 3 Parts Fried 6 | . . . 1 5 Impact Corruptions 10 | . . . . 10 Robots Melted . | . . . . . Combat Hostiles . | . . . . . Parts Melted 2 | . 1 . . 1 Heat Transferred 805 | . 555 . 200 50 Parts Sabotaged . | . . . . . Parts Stolen . | . . . . . Parts Stripped . | . . . . . Power Chain Reactions 1 | . . . . 1 Alert | -11 -10 -10 -8 -8 ------- Run | Yrd Mat Sub Mat Gar Maximum Alert Level 2 | . . . 1 2 Low Security (%) 69 | 100 100 . 72 16 Level 1 22 | . . . 27 54 Level 2 7 | . . . . 28 Level 3 . | . . . . . Level 4 . | . . . . . Level 5 . | . . . . . High Security . | . . . . . Max Security . | . . . . . Peak Influence 480 | . 103 . 387 480 Initial 152 | . . . . 152 Average 125 | . 24 . 110 309 Influence Increases 1517 | . 304 80 685 448 Destroy 0b10 Robot/C 840 | . 180 40 320 300 Destroy 0b10 Robot/NC 90 | . 25 . 65 . Destroy Leader 170 | . 54 10 96 10 Allied During Kill 1 | . . . . 1 Successful Hack 64 | . 13 . 30 21 Disable Machine 90 | . 15 . 75 . Anti-Garrison Action 100 | . . . . 100 Destroy Structure 87 | . 2 . 69 16 Lose Combat Pursuer 75 | . 15 30 30 . Influence Decreases 1037 | . 267 117 450 203 Entered New Map 101 | . . 18 . 83 Time Decay 616 | . 257 99 260 . Lost Part 150 | . 10 . 40 100 Lost Ally 20 | . . . . 20 Purge Threat 150 | . . . 150 . Squads Dispatched 6 | . 4 . 2 . Investigation 2 | . 2 . . . Extermination . | . . . . . Reinforcement 3 | . 2 . 1 . Assault . | . . . . . Garrison 1 | . . . 1 . Intercept . | . . . . . Searches Triggered . | . . . . . Construction Impeded . | . . . . . Haulers Reinforced . | . . . . . Active Scanning Responses . | . . . . . Cargo Convoy Interrupts . | . . . . . Stealth | -11 -10 -10 -8 -8 --------- Run | Yrd Mat Sub Mat Gar Distress Signals 4 | . 2 . 2 . Communications Jammed . | . . . . . Distress Signals . | . . . . . Times Spotted 79 | . 22 14 24 19 Peak Tracking Total 5 | . 5 5 4 3 Tactical Retreats 4 | . 1 1 2 . Traps | -11 -10 -10 -8 -8 ------- Run | Yrd Mat Sub Mat Gar Traps Triggered 5 | . 3 . . 2 Indirectly . | . . . . . Trap Hack Attempts . | . . . . . Triggered . | . . . . . Disarmed . | . . . . . Reprogrammed . | . . . . . Reused . | . . . . . Traps Extracted . | . . . . . Installed 2 | . . 2 . . Triggered . | . . . . . Machines | -11 -10 -10 -8 -8 ---------- Run | Yrd Mat Sub Mat Gar Machines Disabled 9 | . 1 1 5 2 Max in Single Turn 2 | . 1 1 2 1 Garrison Relay 2 | . . . . 2 Machines Repaired . | . . . . . Machines Dismantled . | . . . . . Machines Sabotaged . | . . . . . Overloaded Fab Kills . | . . . . . Hacking | -11 -10 -10 -8 -8 --------- Run | Yrd Mat Sub Mat Gar Machines Accessed 21 | . 8 2 9 2 Terminals 15 | . 6 . 7 2 Fabricators . | . . . . . Repair Stations 1 | . 1 . . . Recycling Units 2 | . 1 . 1 . Scanalyzers . | . . . . . Garrison Access 1 | . . . 1 . Total Hacks 70 | . 26 4 34 6 Successful 38 | . 16 4 16 2 Failed 31 | . 10 . 17 4 Catastrophic 6 | . 1 . 4 1 Database Lockouts 1 | . . . 1 . Manual 37 | . 15 . 21 1 Terminals 53 | . 19 . 28 6 Fabricators . | . . . . . Repair Stations 3 | . 3 . . . Recycling Units 9 | . 4 . 5 . Scanalyzers . | . . . . . Garrison Access 1 | . . . 1 . Terminal Hacks 21 | . 7 4 8 2 Record 3 | . . 3 . . Part Schematic 1 | . . . 1 . Robot Analysis 1 | . 1 . . . Prototype ID Bank 2 | . 2 . . . Open Door 1 | . . . . 1 Branch Access Points 1 | . . . 1 . Emergency Access Points 2 | . . . 1 1 Alert Level 1 | . . . 1 . Unreport Threat 1 | . . . 1 . Locate Traps 1 | . 1 . . . Recall Investigation 2 | . 1 . 1 . Hauler Manifests 1 | . 1 . . . Registered Components 2 | . 1 . 1 . Zone Layout 1 | . . . 1 . Proto ID Catalog 1 | . . 1 . . Fabricator Hacks . | . . . . . Repair Station Hacks 3 | . 3 . . . Scan Component 1 | . 1 . . . Repair 1 | . 1 . . . Refit 1 | . 1 . . . Recycling Unit Hacks 5 | . 3 . 2 . Process 1 | . 1 . . . Report Inventory 2 | . 1 . 1 . Retrieve Matter 1 | . 1 . . . Retrieve Components 1 | . . . 1 . Scanalyzer . | . . . . . Garrison Access Hacks 1 | . . . 1 . Unlock Access 1 | . . . 1 . Unauthorized Hacks 8 | . 3 . 5 . Terminals 8 | . 3 . 5 . Botnet 8 | . 3 . 5 . Fabricators . | . . . . . Repair Stations . | . . . . . Recycling Units . | . . . . . Scanalyzers . | . . . . . Garrison Access . | . . . . . Data Cores Recovered . | . . . . . Used . | . . . . . Hacking Detections 17 | . 7 . 8 2 Full Trace Events . | . . . . . Feedback Events . | . . . . . Feedback Blocked . | . . . . . Robot Schematics Acquired . | . . . . . Robots Built . | . . . . . Authchips . | . . . . . Time . | . . . . . Total Robot Build Rating . | . . . . . Part Schematics Acquired 1 | . . . 1 . Parts Built . | . . . . . Authchips . | . . . . . Time . | . . . . . Total Part Build Rating . | . . . . . Part Studies Acquired . | . . . . . Parts Repaired 1 | . 1 . . . Time 38 | . 38 . . . Parts Recycled . | . . . . . Recycled Matter 14 | . 14 . . . Retrieved Matter 14 | . 14 . . . Retrieved Components 2 | . . . 2 . Parts Scanalyzed . | . . . . . Part Schematics Acquired . | . . . . . Parts Damaged . | . . . . . Bothacking | -11 -10 -10 -8 -8 ------------ Run | Yrd Mat Sub Mat Gar Used RIF Installer . | . . . . . Robots Hacked . | . . . . . Non-combat . | . . . . . Combat . | . . . . . Robot Hacks Applied . | . . . . . Relay Couplers Released 8 | . . . . 8 Machine Destruction 8 | . . . . 8 Fabnet Peak Effective % . | . . . . . Robots Rewired . | . . . . . Allies Hacked . | . . . . . Hacks Repelled . | . . . . . Allies | -11 -10 -10 -8 -8 -------- Run | Yrd Mat Sub Mat Gar Total Allies 1 | . . . . 1 Largest Group 1 | . . . . 1 Highest-Rated Group 31 | . . . . 31 Highest-Rated Ally 31 | . . . . 31 Total Orders . | . . . . . Ally Attacks 6 | . . . . 6 Total Damage 105 | . . . . 105 Kills . | . . . . . Allies Corrupted . | . . . . . Allies Melted . | . . . . . Intel | -11 -10 -10 -8 -8 ------- Run | Yrd Mat Sub Mat Gar Active Infowar (turns) 3459 | . . 3098 358 3 Sensors 2368 | . . 2010 356 2 Structural 1314 | . . 1088 225 1 Robot Analysis Total 1 | . 1 . . . Derelict Logs Recovered 2 | . . 2 . . Drone Launches . | . . . . . Drone Recoveries . | . . . . . Exploration | -11 -10 -10 -8 -8 ------------- Run | Yrd Mat Sub Mat Gar Turns Passed 5516 | 39 1029 3099 697 652 Spaces Moved 4475 | 34 831 2785 411 414 Core 45 | 1 . . . 44 Treads . | . . . . . Legs 5 | . . . . 5 Wheels 4422 | 33 831 2785 411 362 Hover 2 | . . . . 2 Flight 1 | . . . . 1 Fastest Speed 40 | 50 90 100 85 40 Average Speed 97 | 89 92 100 94 90 Slowest Speed 230 | 100 110 100 100 230 Overloaded Moves . | . . . . . Propulsion Burnouts . | . . . . . Robots Hopped . | . . . . . Potential Cave-ins 6 | . . 6 . . Cave-ins Triggered . | . . . . . Exploration Rate (%) 52 | 3 99 85 38 36 Regions Visited 4 Branch Regions 1 Pre-discovered Areas 1 | . . 1 . . Known Exits Taken 1 | . . . 1 . Unknown Exits Taken 3 | 1 1 1 . . Scrap Searched 6 | . . 6 . . Spaces Dug 80 | . . 79 1 . Terrain Destroyed 269 | . . 187 81 1 Melee . | . . . . . Projectile 8 | . . 2 6 . AOE 260 | . . 185 75 . Terrain Rammed . | . . . . . Walls Destroyed . | . . . . . Machines Disabled . | . . . . . Actions | -11 -10 -10 -8 -8 --------- Run | Yrd Mat Sub Mat Gar Total 5206 | 39 1004 3002 591 570 Wait 308 | . 102 116 55 35 Move 4471 | 33 830 2784 410 414 Hop . | . . . . . Pick Up 29 | . 11 4 8 6 Fast Attach 38 | 6 8 1 12 11 Attach 12 | . . 1 6 5 Detach 2 | . 1 . . 1 Swap 25 | . . 17 7 1 Drop 36 | . 7 8 13 8 Fire 239 | . 45 69 80 45 Melee 28 | . . . . 28 Ram . | . . . . . Kick . | . . . . . Crush . | . . . . . Escape Stasis 16 | . . . . 16 Rewire . | . . . . . Trap 2 | . . 2 . . Miscellaneous . | . . . . . Route ------- -11/Scrapyard -10/Materials (discovered 5 exits: [*Mat x3] / [*Min] / *Sub) -10/Subcaves (discovered 2 exits: *Mat x2) -8/Materials (discovered 2 exits: Fac / Gar) -8/Garrison (discovered 1 exit: *Fac) History --------- Turn | Location | Event 19 | -11/Scrapyard | Discovered new exit (range 15) 40 | -11/Scrapyard | Entered Materials 294 | -10/Materials | Discovered new exit (range 10) 308 | -10/Materials | Build established: Mutant 624 | -10/Materials | Discovered new exit (range 7) 675 | -10/Materials | Discovered new exit (range 7) 788 | -10/Materials | Repaired Lgt. Nuclear Core 968 | -10/Materials | Discovered new exit (range 9) 1061 | -10/Materials | Discovered new exit (range 9) 1069 | -10/Materials | Entered Subcaves 1480 | -10/Subcaves | Visited Clippyterm 1483 | -10/Subcaves | Learned Factory stockpile data 1537 | -10/Subcaves | A swath of the cavern ceiling suddenly collapsed 1694 | -10/Subcaves | Learned location of Mines (-9) 1813 | -10/Subcaves | Discovered new exit (range 9) 1962 | -10/Subcaves | Ambushed by Subdweller buried in earth 1964 | -10/Subcaves | Ambushed by Subdweller buried in earth 2336 | -10/Subcaves | Shifting Twisted Machinery released Lgt. Humpback 2363 | -10/Subcaves | Core integrity fell below 50% 2389 | -10/Subcaves | Discovered new exit (range 6) 2580 | -10/Subcaves | Learned 2 Materials zone layouts 2655 | -10/Subcaves | Visited 4L-MR0's lab 2671 | -10/Subcaves | Found Flightbrick 2994 | -10/Subcaves | Shifting Twisted Machinery released Spk. Treads 3068 | -10/Subcaves | Shifting Twisted Machinery released Shrapnel Trap 3073 | -10/Subcaves | Shifting Twisted Machinery released Spk. Treads 4168 | -10/Subcaves | Entered Materials 4168 | -8/Materials | Evolved 4 slots: Propulsion x2, Utility x2 4169 | -8/Materials | Identified exit to Factory 4414 | -8/Materials | Central database locked down 4707 | -8/Materials | Garrison activated, responded to threat 4811 | -8/Materials | Identified exit to Garrison 4837 | -8/Materials | Build established: Scavenger-Mutant 4865 | -8/Materials | Entered Garrison 4898 | -8/Garrison | Triggered checkpoint 4935 | -8/Garrison | Rescued a captive Derelict 4974 | -8/Garrison | Garrison Relay disabled 4990 | -8/Garrison | Triggered checkpoint 5147 | -8/Garrison | Triggered checkpoint 5189 | -8/Garrison | Triggered checkpoint 5222 | -8/Garrison | Triggered checkpoint 5290 | -8/Garrison | Discovered exit to Factory (range 9) 5326 | -8/Garrison | Garrison Relay disabled 5394 | -8/Garrison | Lost 3 parts (2n1w) 5413 | -8/Garrison | Core integrity fell below 50% 5467 | -8/Garrison | Lost 4 parts (1p2n1w) 5469 | -8/Garrison | Core integrity fell below 20% 5517 | -8/Garrison | Attached Flightbrick, gained temporary slots: Utility x3 5517 | -8/Garrison | Destroyed by G-47 Trooper with Particle Gun Last Messages --------------- 05474_ Acquired Great Maul. 05477_ Great Maul severed. 05478_ Acquired Great Maul. 05480_ Great Maul severed. 05483_ Acquired Great Maul. 05484_ C-17 Slicer suffers critical hit (Smash). 05484_ Destroyed Blade Saw. 05484_ Destroyed Reaction Control System. 05484_ C-17 Slicer system corrupted by crushing effect. 05485_ C-17 Slicer system terminally corrupted. 05485_ Surge Thruster fried. 05487_ Acquired 18 matter. 05488_ Dropped Great Maul. 05489_ Acquired 17 matter. 05498_ Acquired 14 matter. 05500_ Acquired Aluminum Leg. 05510_ Dropped Aluminum Leg. 05517_ Core temporarily expanded with Utility slot. Map ----- +----------------------------------------------------+ | ?????????????????????????????????????????????????? | | ???????????+?????????????????????????????????????? | | ???????????+????????????????????????????++???????? | | ?????????????????????????????????????????????????? | | ?????????????????????????????????????????????????? | | ???????????????????????????##????????????????????? | | ???????????+??????????????? +???+???????????????? | | ????????????????????????###"#?? ?????????????????? | | ???????????????????????? #? ????????????????? | | ???????????????+####++## ## #???????????????? | | ???????????????? #???????????????? | | ????????????????? +???????????????? | | ???????+?????????? [% +???????????????? | | ??????????????????# ## = #? #???????????????? | | ????????????????### ## ## #???????????????? | | ????????????????# "?+?????????????? | | ????????????????# [ "???????????????? | | ????????????????#=% "???????????????? | | ????????????????# *[ = "???????????????? | | ????????????????###% ##%! ## #???????????????? | | ????????########### [ #; ## #???????????????? | | ????????# = #???????????????? | | ????????+ gg +???????????????? | | ?????+??# ##+##### =b[ #???????????????? | | ????????# #??????## ## ## ##???????????????? | | ?+??????# #???????# ##=@ ## #????????????????? | | ????????# #???????# ##+##### #????????????????? | | ????????# #???????# #??????# #????????????????? | | ????????# #???????+ +??????# #??????????###???# | | ????????# #???????# #??????# #??????????# ??? | | #+####### ####+#### #??????# #??????????# #???# | | #??????# ##### ##???# #???# | | #???#### ^ #???# #???# | | ####### #####+##### #???# #####+##### | | #?????# #?????????# #???# ######### =% * / | | #?????# #?????????# #???#/ #??????# #####[##### | | #?????# #?????????# #???# #??????# #?###%#???# | | #?????# #?????????# #???# /#??????# #?#!![##### | | #?????# #?????????# #???# /#??????# #?#!!*#""## | | #?????# #?????????# #???# /#??????# ###!]!!!"## | | #?????# #?????????# #???# /#??????# # !! !!## | | #?????# #?????????# #???####??????# < ### "## | | #?????# ###?????### #?????????????# ##" ""#? | | #??#### #???### ####??????????#############? | | #??# +???? + != #???????????????????????? | | #?## ## #?????# %=## ##??????????????????????? | | ###?#! !# ###?????### #! !#??????????????????????? | | ????#! # #?????????# #! !#??????????????????????? | | ????#! !# ########### #! !#??????????????????????? | | ????## ##^% !% #####??????????????????????? | +----------------------------------------------------+ Best States ------------- Heat Dissipation 59 Energy Generation 14 Energy Capacity 275 Matter Stores 340 Matter Capacity 350 Sight Range 16 Robot Scan Range 14 Terrain Scan Density 10 Base Temperature (-) 100 Armor Coverage 150 Evasion (%) 50 Offensive Hacking 10 Defensive Hacking 10 Item Schematics ----------------- Imp. Propulsion Shielding | -8/Materials | Hacked Robot Schematics ------------------ None Fabricated ------------ Nothing Repaired ---------- Lgt. Nuclear Core | 4% | -10/Materials Studied --------- None Alien Tech Used ----------------- None Achievements -------------- None Challenges ------------ None Game ------ Seed DroneInsulatedGun Manual? 0 Play Time 00:46:15 Cumulative 123.2 hours Start 2025.11.26 @ 14:08:38 End 2025.11.26 @ 16:24:02 Sessions 1 Manual Loads 0 Difficulty Rogue Special Mode None Game No. 65 Rogue 65 Adventurer 0 Explorer 0 Win Type - Total 1 Types 1/0/0/0/0/0/0/0/0/0 Lore% 61 Gallery% 58 Achievement% 44 Wizard Run 0 Options --------- Layout 1 ASCII 0 Keyboard 0 Movement Mouse Keybinds 0 Fullscreen 2 Font 32/SmallcapsGlow Map View 50x35 Zoom Use 0% Tactical HUD 1 Map Filters NONE Filters NONE Steam 1 RUN: df3222e6-601a-4f3b-b006-a4d0c7658bf8